 Dungeon Crawl Stone Soup version 0.22.1-2-g9c5b331 (webtiles) character file.

1358 MalarOregon the Spear-Bearer (level 8, -1/61 HPs)
             Began as a Merfolk Skald on Nov 28, 2018.
             Was an Initiate of Nemelex Xobeh.
             Slain by an orc warrior
             ... wielding a +0 short sword
              (5 damage)
             ... on level 6 of the Dungeon.
             The game lasted 00:11:24 (5248 turns).

MalarOregon the Spear-Bearer (Merfolk Skald)        Turns: 5248, Time: 00:11:25

Health: -1/61      AC:  3    Str: 11    XL:     8   Next: 64%
Magic:  14/14      EV: 14    Int: 16    God:    Nemelex Xobeh [......]
Gold:   256        SH:  0    Dex: 14    Spells: 14/15 levels left

rFire    . . .     SeeInvis .   a - +2 spear
rCold    . . .     Gourm    .   (no shield)
rNeg     + . .     Faith    .   b - +0 leather armour
rPois    .         Spirit   .   (helmet restricted)
rElec    .         Reflect  .   (no cloak)
rCorr    .         Harm     .   (no gloves)
MR       .....                  (no boots)
Stlth    +.........             c - amulet of regeneration
HPRegen  0.60/turn              q - ring of positive energy
MPRegen  0.14/turn              j - ring of wizardry

@: no status effects
A: change form in water, swift swim, stealthy swim, antennae 1, clever 1
a: Renounce Religion


You were on level 6 of the Dungeon.
You worshipped Nemelex Xobeh.
Nemelex Xobeh was noncommittal.
You were hungry.

You visited 2 branches of the dungeon, and saw 7 of its levels.
You also visited: Sewer.

You collected 256 gold pieces.

Inventory:

Hand Weapons
 a - a +2 spear (weapon)
Armour
 b - a +0 leather armour (worn)
Jewellery
 c - an amulet of regeneration (around neck)
   (You found it on level 1 of the Dungeon)
 i - an uncursed ring of ice
   (You found it on level 1 of the Dungeon)
 j - a ring of wizardry (right hand)
   (You found it on level 4 of the Dungeon)
 q - a ring of positive energy (left hand)
   (You found it on level 2 of the Dungeon)
Wands
 d - a wand of iceblast (1)
   (You found it on level 4 of the Dungeon)
Scrolls
 f - a scroll of immolation {!r}
 h - a scroll of fog
 r - 2 scrolls of remove curse {@r2}
Potions
 k - a potion of ambrosia
 l - a potion of lignification {!q}
 n - a potion of agility
 o - 3 potions of heal wounds {@q2}
 p - 3 potions of brilliance
 s - a potion of haste {@q3}
 t - 4 potions of curing {@q1}
 u - 4 potions of might
 v - a potion of flight
Miscellaneous
 g - a plain deck of destruction {drawn: 4}
   (Nemelex Xobeh gifted it to you on level 6 of the Dungeon)
Comestibles
 e - 15 rations {!d}


   Skills:
 + Level 4.9 Fighting
 * Level 8.9 Polearms
 + Level 3.0 Armour
 + Level 5.7 Dodging
 + Level 4.2 Spellcasting
 - Level 4.0 Charms
 + Level 0.4 Invocations


You had 14 spell levels left.
You knew the following spells:

 Your Spells              Type           Power        Failure   Level  Hunger
a - Infusion              Chrm           ###.         1%          1    None

Your spell library contained the following spells:

 Spells                   Type           Power        Failure   Level  Hunger
 Song of Slaying          Chrm           ###.....     2%          2    ##.....
 Shroud of Golubria       Chrm/Tloc      #.........   6%          2    ##.....
 Regeneration             Chrm/Necr      #.........   12%         3    ###....
 Spectral Weapon          Hex/Chrm       #.......     12%         3    ###....


Dungeon Overview and Level Annotations

Branches:
Dungeon (6/15)             Temple (1/1) D:5

Altars:
Ashenzari
Cheibriados
Dithmenos
Elyvilon
Fedhas
Hepliaklqana
Kikubaaqudgha
Nemelex Xobeh
Okawaru
Qazlal
Ru
Trog
Vehumet
Wu Jian
Xom
Yredelemnul
Zin
The Shining One


Innate Abilities, Weirdness & Mutations

You revert to your normal form in water.
You are very nimble and swift while swimming.
You are very stealthy in the water. (Stealth+)
You have a pair of small antennae on your head.
Your mind is acute. (Int +2)


Message History

The orc wizard hits you with a dagger of pain.
The orc warrior hits you with a short sword!
* * * LOW HITPOINT WARNING * * *
The orc wizard gestures wildly while chanting.
The orc wizard blinks!
You are too injured to fight recklessly!
Okay, then.
You draw a card...
It is the Orb.
You have drawn the Orb.
Aim: an orc warrior, wielding a short sword and wearing a shiny plate armour The orb of energy hits the orc warrior.
The orc wizard looks encouraged for a moment.
The orc warrior misses you.
The orc wizard hits you with a dagger of pain.
* * * LOW HITPOINT WARNING * * *
The orc closely misses you.
You draw a card...
It is Vitriol.
You have drawn Vitriol.
Aim: an orc warrior, wielding a short sword and wearing a shiny plate armour The glob of acid misses the orc warrior.
The glob of acid hits the orc wizard.
The orc wizard is splashed with acid.
The acid corrodes the orc wizard!
You kill the orc wizard!
The orc wizard points at you and mumbles some strange words.
The magic dart hits you!
* * * LOW HITPOINT WARNING * * *
The orc warrior hits you with a short sword!
* * * LOW HITPOINT WARNING * * *
You draw a card...
It is Vitriol.
You have drawn Vitriol.
Aim: an orc warrior, wielding a short sword and wearing a shiny plate armour The glob of acid misses the orc warrior.
The orc wizard hits you but does no damage.
The orc hits you with a club.
* * * LOW HITPOINT WARNING * * *
The orc warrior misses you. The orc wizard casts a spell at you.
The puff of frost hits you!
* * * LOW HITPOINT WARNING * * *
The orc wizard points at you and mumbles some strange words.
The magic dart hits you!
* * * LOW HITPOINT WARNING * * *
Unknown command.
You draw a card...
It is the Orb.
You have drawn the Orb.
Aim: an orc warrior, wielding a short sword and wearing a shiny plate armour The orb of energy hits the orc warrior.
The orc warrior hits you with a short sword.
You die...
Your body disappears without a glow.

##### . #.(.. .. #....
... #.... ########....
#.... #...........
#.... #..oo.......
#.... #..o.)....).
#.... #.@##.##...#
#.... ##########..#####
####....
#.................
........
#.................
........
#.................
........
#.................
........
#.................
........
##...####...##....
##.#####
+####...###############
## #...


You could see an orc warrior, an orc wizard and an orc.

Vanquished Creatures
  2 phantoms
  2 ogres (D:5)
  A centaur (D:5)
  3 scorpions (D:4)
  A howler monkey (D:4)
  A crimson imp (D:4)
  4 hounds
  2 orc wizards
  2 worker ants (D:4)
  A hound zombie (D:5)
  2 hound skeletons (D:4)
  A gnoll (D:1)
  A worker ant zombie (D:5)
  12 adders
  A howler monkey skeleton (D:6)
  3 river rats (Sewer)
  3 oozes
  An adder zombie (D:4)
  An adder skeleton (D:5)
  3 worms
  11 dart slugs (D:3)
  5 leopard geckos
  8 orcs
  5 ball pythons (Sewer)
  9 giant cockroaches
  4 hobgoblins (D:1)
  16 jackals
  22 kobolds
  2 quokkas
  14 bats
  3 frilled lizards
  8 goblins
  A leopard gecko skeleton (D:4)
  27 rats
182 creatures vanquished.

Vanquished Creatures (others)
  A sky beast (D:5)
  A ball python (D:3)
2 creatures vanquished.

Grand Total: 184 creatures vanquished

Notes
Turn   | Place    | Note
-------+----------+-------------------------------------------
     0 | D:1      | MalarOregon the Merfolk Skald began the quest for the Orb.
     0 | D:1      | Reached XP level 1. HP: 16/16 MP: 3/3
    53 | D:1      | Reached XP level 2. HP: 19/22 MP: 5/5
   164 | D:1      | Reached XP level 3. HP: 12/28 MP: 6/6
   223 | D:1      | Reached skill level 4 in Polearms
   253 | D:1      | Reached skill level 1 in Armour
   746 | D:2      | Reached XP level 4. HP: 33/34 MP: 7/7
   849 | D:2      | Found an ornate altar of the Wu Jian Council.
  1246 | D:2      | Reached XP level 5. HP: 32/40 MP: 8/8
  1676 | D:3      | Found a hazy altar of Hepliaklqana.
  1765 | D:3      | Found a white marble altar of Elyvilon.
  2313 | D:4      | Reached skill level 5 in Polearms
  2325 | D:4      | Reached XP level 6. HP: 19/47 MP: 10/10
  2704 | D:4      | Reached skill level 6 in Polearms
  2900 | D:4      | Reached XP level 7. HP: 41/52 MP: 11/11
  3400 | D:5      | Entered Level 5 of the Dungeon
  3408 | D:5      | Reached skill level 7 in Polearms
  3450 | D:5      | Found a sacrificial altar of Ru.
  3614 | D:5      | Found a shadowy altar of Dithmenos.
  3639 | D:5      | Gained mutation: Your mind is acute. (Int +2) [potion of
                  | mutation]
  3639 | D:5      | Gained mutation: You have a pair of small antennae on your
                  | head. [potion of mutation]
  3674 | D:5      | Reached skill level 5 in Dodging
  3674 | D:5      | Reached XP level 8. HP: 12/60 MP: 13/13
  3897 | D:5      | Found a glowing drain.
  3916 | Sewer    | Entered a sewer
  3970 | Sewer    | Reached skill level 8 in Polearms
  4684 | D:5      | Found a staircase to the Ecumenical Temple.
  5023 | Temple   | Entered the Ecumenical Temple
  5101 | Temple   | Became a worshipper of Nemelex Xobeh the Trickster
  5228 | D:6      | Received a gift from Nemelex Xobeh
  5246 | D:6      | HP: 3/61 [orc wizard/magic dart (4)]
  5248 | D:6      | Slain by an orc warrior

Skill      XL: |  1  2  3  4  5  6  7  8 |
---------------+-------------------------+-----
Dodging        | 3 4 5 |  5.7
Polearms       | 4 5 6 7 8 |  8.9
Armour         | 1 2 3 |  3.0
Charms         | 4 |  4.0
Fighting       | 3 4 |  4.9
Spellcasting   | 3 4 |  4.2
Invocations    | |  0.4

Action                   |  1- 3 |  4- 6 |  7- 9 || total
-------------------------+-------+-------+-------++-------
Melee: Spear             |   131 |   315 |   433 ||   879
       Tailslap          |       |     2 |     3 ||     5
Evoke: Wand              |       |     2 |       ||     2
       Deck              |       |       |     4 ||     4
  Use: Scroll            |     1 |     5 |     4 ||    10
       Potion            |       |     2 |     9 ||    11
 Stab: Sleeping          |     1 |     3 |     1 ||     5
  Eat: Chunk             |       |     7 |     7 ||    14
Armor: Leather armour    |    21 |    38 |    47 ||   106
       Skin              |       |       |    13 ||    13
Dodge: Dodged            |    65 |   152 |   184 ||   401
